Map: Lerilak Crest

Players

PickNick - Winner!

  • Race: Terran Terran

iDcZe

  • Race: Protoss Protoss

VOD

Have the link to the VOD?

Description

Time

  • Played on: March 18, 2016, 5:07 p.m.
  • Length: 10:29
Show
View Real Time Build Order
Export as new Build Order

PickNick Terran - Winner!

Build Orders: MMM Bio 

Get SALT Encoding   

  12  0:01  SCV  
  13  0:13  SCV  
  14  0:22  Supply Depot  
  14  0:25  SCV  
  15  0:34  Refinery  
  15  0:44  SCV  
  15  0:47  Barracks  
  16  0:56  SCV  
  17  1:08  SCV  
  18  1:20  SCV  
  19  1:33  SCV  
  20  1:40  Command Center  
  20  1:41  Supply Depot  
  20  1:54  Marine  
  20  2:01  Refinery, Engineering Bay  
  21  2:11  SCV  
  22  2:18  Barracks  
  22  2:23  SCV  
  22  2:24  Reaper  
  24  2:35  SCV  
  25  2:47  SCV  
  26  2:58  SCV  
  27  2:59  SCV  
  28  3:10  SCV  
  28  3:11  Barracks Tech Lab  
  28  3:12  Barracks Reactor  
  29  3:19  Barracks, Orbital Command  
  29  3:22  SCV  
  30  3:34  SCV  
  30  3:36  Factory  
  31  3:46  SCV  
  32  3:49  Barracks  
  32  3:52  Marine x2  
  32  3:54  Marauder  
  32  3:55  Concussive Shells  
  36  4:05  SCV  
  37  4:10  Marine x2  
  37  4:14  Barracks Tech Lab, Marine  
  40  4:17  SCV  
  40  4:22  Starport  
  41  4:30  SCV  
  42  4:31  Factory Tech Lab  
  42  4:33  Marauder  
  42  4:34  Marine x2  
  46  4:40  Barracks Reactor  
  46  4:45  Supply Depot  
  46  4:59  Refinery  
  46  5:00  Starport  
  46  5:01  Refinery, Combat Shields  
  46  5:04  Stimpack  
  46  5:07  Marauder, Marine x2, SCV  
  46  5:08  Marauder, Supply Depot  
  53  5:19  SCV  
  53  5:20  Starport Reactor  
  54  5:30  Marauder x2, Marine x4  
  54  5:34  Supply Depot  
  62  5:55  Marine x3  
  62  5:56  Marauder x2, SCV  
  70  5:57  Supply Depot  
  70  6:07  Supply Depot  
  70  6:18  Widow Mine, Marine x3  
  70  6:19  Marauder, SCV  
  78  6:31  SCV  
  78  6:41  Marine x2  
  78  6:42  Marauder x2, Marine x2  
  86  6:56  Widow Mine  
  86  6:57  Supply Depot  
  86  6:59  Marine x2  
  86  7:00  Marine x2  
  92  7:03  Marauder  
  92  7:04  Supply Depot  
  94  7:19  Marauder, Supply Depot, SCV  
  94  7:22  Marine x2  
  99  7:23  Marine x2  
  99  7:26  Marauder  
  99  7:28  Supply Depot  
  103  7:31  SCV  
  103  7:32  Terran Infantry Weapons Level 1  
  103  7:35  Starport Tech Lab  
  104  7:37  Medivac  
  104  7:40  Marauder, Medivac  
  104  7:41  Marine x4  
  104  7:43  SCV  
  115  7:48  Marauder  
  117  7:52  Supply Depot  
  117  7:58  Marine x2  
  117  8:02  Marauder  
  121  8:13  Marine  
  121  8:14  Marauder, Marine  
  121  8:16  Marine x2  
  127  8:23  Marauder  
  129  8:27  Medivac x2  
  129  8:31  Marine  
  134  8:41  Supply Depot  
  134  8:58  Command Center  
  134  9:03  Marauder x2, Raven, Marine  
  134  9:04  Refinery, Supply Depot  
  134  9:05  Marine  
  142  9:11  Marine x2  
  130  9:25  Marauder  
  105  9:41  Marine x2  
  105  9:42  Marine x2  
  105  9:43  Marauder  
  101  9:46  Marauder  
  103  9:55  Medivac x3  
  103  9:59  Marine x2  
  111  10:00  Marine x2  
  111  10:04  Marauder  
  115  10:07  Marauder  
Show
View Real Time Build Order
Export as new Build Order

iDcZe Protoss 

Build Orders:  

Get SALT Encoding   

  12  0:01  Probe (Chrono Boost)  
  13  0:12  Probe (Chrono Boost)  
  14  0:18  Pylon  
  14  0:22  Probe (Chrono Boost)  
  15  0:36  Probe (Chrono Boost)  
  15  0:40  Gateway  
  16  0:46  Assimilator  
  16  0:56  Probe (Chrono Boost)  
  17  1:04  Assimilator  
  17  1:07  Probe (Chrono Boost)  
  18  1:32  Pylon  
  18  1:37  Probe (Chrono Boost)  
  19  1:47  Probe (Chrono Boost)  
  19  1:52  Cybernetics Core  
  20  2:00  Gateway  
  20  2:10  Probe (Chrono Boost)  
  21  2:21  Probe (Chrono Boost)  
  22  2:25  Nexus  
  22  2:31  Probe (Chrono Boost)  
  22  2:32  Warp Gate (Chrono Boost)  
  23  2:43  Probe  
  26  3:01  Stalker  
  26  3:09  Adept  
  27  3:20  Probe  
  28  3:30  Pylon  
  28  3:31  Adept  
  28  3:32  Probe  
  31  3:37  Zealot  
  31  3:38  Mothership Core  
  35  3:59  Gateway  
  37  4:05  Pylon, Probe  
  37  4:06  Probe  
  39  4:18  Probe  
  38  4:26  Probe  
  38  4:30  Gateway, Probe  
  40  4:32  Gateway  
  40  4:40  Twilight Council  
  40  4:45  Sentry  
  42  4:47  Stalker  
  44  4:58  Probe  
  44  4:59  Probe  
  46  5:09  Probe  
  46  5:10  Adept x2  
  46  5:11  Probe  
  52  5:26  Resonating Glaives (Chrono Boost)  
  52  5:36  Adept x3  
  52  5:40  Probe x2  
  60  5:50  Pylon  
  60  5:52  Probe x2  
  60  5:54  Pylon  
  62  5:58  Pylon  
  62  6:02  Pylon  
  62  6:07  Assimilator  
  62  6:08  Probe x2  
  64  6:12  Assimilator  
  64  6:14  Robotics Facility  
  64  6:27  Stalker  
  64  6:28  Stalker x3  
  64  6:29  Stalker  
  73  6:53  Blink (Chrono Boost)  
  73  6:54  Robotics Facility  
  73  7:01  Stalker  
  73  7:02  Stalker x4  
  83  7:11  Gateway  
  83  7:12  Gateway  
  83  7:18  Pylon  
  83  7:19  Pylon  
  83  7:24  Observer (Chrono Boost)  
  83  7:25  Pylon  
  88  7:44  Immortal (Chrono Boost)  
  88  7:51  Adept x3  
  88  7:52  Adept x2  
  102  8:17  Immortal (Chrono Boost)  
  102  8:24  Robotics Bay  
  102  8:43  Nexus  
  102  8:58  Charge (Chrono Boost)  
  74  9:33  Zealot x2  
  74  9:34  Zealot x3  
  40  9:56  Zealot x3  
  46  10:13  Zealot x2  
Tags
 
Composition
MMM Bio
Matchup
PvT
Add a new tag
Caveats
  • Supply blocks, unpowered buildings, or Contaminate may cause inaccurate times.
  • Supply counts are checked every 10 seconds.